 Dungeon Crawl Stone Soup version 0.20.0-8-g6b59dc7 (webtiles) character file.

1025 IcySystem the Stinger (level 8, -1/50 HPs)
             Began as an Octopode Venom Mage on May 29, 2017.
             Was a Believer of Sif Muna.
             Slain by a killer bee (9 damage)
             ... on level 6 of the Dungeon.
             The game lasted 00:30:50 (7214 turns).

IcySystem the Stinger (Octopode Venom Mage)         Turns: 7214, Time: 00:30:50

Health: -1/50      AC:  1    Str:  7    XL:     8   Next: 23%
Magic:  18/22      EV: 14    Int: 19    God:    Sif Muna [**....]
Gold:   362        SH:  0    Dex: 13    Spells: 10/14 levels left

rFire    . . .     SeeInvis .   J - +1 mace (protect)
rCold    . . .     Gourm    +   (no shield)
rNeg     . . .     Faith    .   (helmet restricted)
rPois    .         Spirit   .   e - amulet of the gourmand
rElec    .         Reflect  .   c - ring of wizardry
rCorr    .         Harm     .   g - ring of magical power
MR       .....                  (no ring)
Stlth    +++.......             (no ring)
Regen    0.2/turn               (no ring)
MPRegen  0.2/turn               (no ring)
                                (no ring)
                                (no ring)

@: lethally poisoned (-1 -> -12)
A: almost no armour, stealthy swim, amphibious, 8 rings, constrict 8, camouflage
1, gelatinous body 1
a: Divine Energy, Renounce Religion


You were on level 6 of the Dungeon.
You worshipped Sif Muna.
Sif Muna was pleased with you.
You were full.

You visited 1 branch of the dungeon, and saw 7 of its levels.

You collected 362 gold pieces.

Inventory:

Hand Weapons
 J - a +1 mace of protection (weapon)
Missiles
 m - 7 javelins (quivered)
 o - 2 steel tomahawks
 q - 5 silver javelins
Jewellery
 c - a ring of wizardry (left tentacle)
 e - an amulet of the gourmand (around mantle)
 g - a ring of magical power (right tentacle)
 p - an uncursed amulet of rage
 I - an uncursed ring of ice
Wands
 n - a wand of digging (7/24)
 y - a wand of digging (14/24)
 C - a wand of iceblast (5/15)
 G - a wand of confusion (16/48)
Scrolls
 f - 2 scrolls of blinking {unknown}
 h - 4 scrolls of amnesia {unknown}
 i - 5 scrolls of identify
 k - a scroll of teleportation {unknown}
 l - 3 scrolls of recharging {unknown}
 u - 2 scrolls of magic mapping {unknown}
 x - 2 scrolls of remove curse {unknown}
 A - 2 scrolls of enchant weapon {unknown}
 H - a scroll of immolation {unknown}
Potions
 j - 2 potions of curing {unknown}
 r - a potion of magic {unknown}
 t - a potion of lignification {unknown}
 v - a potion of agility {unknown}
 w - a potion of degeneration {unknown}
 z - a potion of haste
 D - a potion of might {unknown}
 F - a potion of flight {unknown}
Books
 a - a Young Poisoner's Handbook

   Spells                             Type                      Level
   a - Sting                          Conjuration/Poison           1
   b - Poisonous Vapours              Poison/Air                   2
   c - Mephitic Cloud                 Conjuration/Poison/Air       3
   d - Olgreb's Toxic Radiance        Poison                       4
   e - Venom Bolt                     Conjuration/Poison           5
Comestibles
 b - 3 bread rations
 d - 4 meat rations
 s - 4 fruits
 E - a royal jelly


   Skills:
 + Level 2.2 Fighting
 + Level 3.3 Dodging
 - Level 3.0 Stealth
 + Level 3.7 Spellcasting
 * Level 5.6 Conjurations
 + Level 2.7 Air Magic
 - Level 6.1 Poison Magic


You had 10 spell levels left.
You knew the following spells:

 Your Spells              Type           Power        Failure   Level  Hunger
a - Sting                 Conj/Pois      ####         1%          1    None
b - Mephitic Cloud        Conj/Pois/Air  ###.....     2%          3    ###....


Dungeon Overview and Level Annotations

Branches:
Dungeon (7/15)             Temple (0/1) D:4

Altars:
Kikubaaqudgha
Nemelex Xobeh
Sif Muna
Uskayaw

Shops:
D:4 (   D:6 (

Annotations:
D:6 Blork the orc
D:7 Pikel


Innate Abilities, Weirdness & Mutations

You cannot wear most types of armour.
You are very stealthy in the water. (Stealth+)
You are amphibious.
You can wear up to eight rings at the same time.
You can use your tentacles to constrict eight enemies at once.
Your skin changes colour to match your surroundings (Stealth+).
Your rubbery body absorbs attacks. (AC +1, EV +1)


Message History

Aiming: Sting
Press: ? - help, Shift-Dir - straight line, f - killer bee
Aim: a killer bee The sting hits the killer bee.
The killer bee is poisoned.
The killer bee is lightly wounded.
You feel sick.
The killer bee stings you but does no damage.
The killer bee stings you.
* * * LOW HITPOINT WARNING * * *
Casting: Sting
Confirm with . or Enter, or press ? or * to list all spells.
Aiming: Sting
Press: ? - help, Shift-Dir - straight line, f/p - killer bee
Aim: a killer bee (lightly wounded, poisoned)
The sting hits the killer bee.
The killer bee looks even sicker.
The killer bee is heavily wounded.
You feel sick. The killer bee stings you.
* * * LOW HITPOINT WARNING * * *
The killer bee stings you!
You die...

.#.# .#.# .#.# ######## W#.#
#......# .#.# #......# .#.#
#......# .#.# #......# <#.#
#......############ ##.##########
#.@................ ##.#........#
#.y<...###########. ...#........#
#......# #. .###........# #......#
#. ....W.......#
##.################
#########.######............รท.>..
#.# #...################ #.# #...#
# #.# #...########


You could see a killer bee.

Vanquished Creatures
  A black bear (D:6)
  An ogre (D:4)
  A bullfrog (D:6)
  A scorpion (D:6)
  A water moccasin skeleton (D:4)
  A killer bee (D:6)
  A crimson imp (D:6)
  A bullfrog zombie (D:5)
  2 hounds
  A centaur skeleton (D:4)
  2 bullfrog skeletons
  2 orc priests (D:4)
  An iguana (D:3)
  2 orc wizards (D:4)
  2 worker ants (D:5)
  A howler monkey zombie (D:5)
  3 gnolls (D:3)
  8 adders
  A shadow imp (D:5)
  2 oozes
  An adder zombie (D:5)
  3 dart slugs
  A leopard gecko (D:2)
  20 orcs
  5 giant cockroaches
  7 goblins
  3 hobgoblins
  12 jackals
  6 kobolds
  2 quokkas
  8 ball pythons
  9 bats
  7 frilled lizards
  8 rats
127 creatures vanquished.

Notes
Turn   | Place    | Note
-------+----------+-------------------------------------------
     0 | D:1      | IcySystem the Octopode Venom Mage began the quest for the Orb.
     0 | D:1      | Reached XP level 1. HP: 11/11 MP: 3/3
   368 | D:1      | Reached XP level 2. HP: 17/17 MP: 5/5
   423 | D:1      | Reached skill level 4 in Poison Magic
   654 | D:1      | Reached XP level 3. HP: 21/21 MP: 6/6
   798 | D:1      | Learned a level 3 spell: Mephitic Cloud
  1659 | D:2      | Reached XP level 4. HP: 27/27 MP: 7/7
  1917 | D:2      | Found a deep blue altar of Sif Muna.
  1920 | D:2      | Became a worshipper of Sif Muna the Loreminder
  2187 | D:3      | Reached skill level 5 in Poison Magic
  2787 | D:3      | Reached XP level 5. HP: 31/31 MP: 8/8
  3114 | D:3      | Found a hide-covered altar of Uskayaw.
  3116 | D:3      | Found an ancient bone altar of Kikubaaqudgha.
  3116 | D:3      | Found a sparkling altar of Nemelex Xobeh.
  3713 | D:4      | Noticed an ogre
  3730 | D:4      | Reached XP level 6. HP: 36/36 MP: 4/9
  3876 | D:4      | Reached * piety under Sif Muna
  4158 | D:4      | Found a staircase to the Ecumenical Temple.
  4413 | D:4      | Reached skill level 1 in Fighting
  4413 | D:4      | Reached skill level 1 in Air Magic
  4413 | D:4      | Reached XP level 7. HP: 43/43 MP: 11/11
  4885 | D:4      | Found Ichuv's Antique Weapon Shoppe.
  5162 | D:5      | Entered Level 5 of the Dungeon
  5184 | D:5      | Reached skill level 6 in Poison Magic
  5832 | D:5      | Reached skill level 5 in Conjurations
  6346 | D:6      | Found Bopp's Weapon Shoppe.
  6729 | D:6      | Noticed Blork the orc
  6996 | D:6      | Reached XP level 8. HP: 46/50 MP: 13/13
  7018 | D:7      | Noticed Pikel
  7059 | D:6      | Reached ** piety under Sif Muna
  7214 | D:6      | Slain by a killer bee

Skill      XL: |  1  2  3  4  5  6  7  8 |
---------------+-------------------------+-----
Conjurations   | 2 3 4 5 |  5.6
Poison Magic   | 4 5 6 |  6.1
Stealth        | 3 |  3.0
Spellcasting   | 3 |  3.7
Fighting       | 1 2 |  2.2
Air Magic      | 1 2 |  2.7
Dodging        | 3 |  3.3

Action                   |  1- 3 |  4- 6 |  7- 9 || total
-------------------------+-------+-------+-------++-------
Melee: Unarmed           |    13 |       |       ||    13
       Constrict         |     2 |     8 |    10 ||    20
       Dagger            |    15 |       |       ||    15
       Tentacles         |     2 |     4 |     7 ||    13
       Long sword        |       |    18 |       ||    18
       Trident           |       |     2 |    39 ||    41
       Mace              |       |       |    14 ||    14
Throw: Javelin           |       |    12 |    12 ||    24
 Cast: Sting             |    75 |   126 |    85 ||   286
       Mephitic Cloud    |       |     9 |     6 ||    15
Invok: Divine Energy     |       |     1 |       ||     1
       Stop Divine Energ |       |     1 |       ||     1
  Use: Scroll            |       |     1 |     1 ||     2
 Stab: Sleeping          |     1 |       |     1 ||     2
  Eat: Chunk             |    17 |    12 |     6 ||    35
Armor: Skin              |     4 |     3 |    15 ||    22
Dodge: Dodged            |    33 |    30 |    58 ||   121
       Rpst.: Long sword |       |     2 |       ||     2
